[ AOE2 MATCH · #481492138 ]
Team RMTeutons vs Spanish
[ REPLAY ANALYSIS · EXTRACTED FROM THE RECORDED GAME ]
Feudal
14:49
Castle
18:35
Imperial
—
| APM avg | 25.2 |
| APM peak | 66 |
| eAPM avg | 15.4 |
| Villagers / military | 82 / 18 |
Focus
⚔️ 30.2% · 🌾 69.8%
Fishing Ship ×31 · Petard ×9 · Teutonic Knight ×6 · Fire Galley ×2 · Transport Ship ×1
Feudal
12:29
Castle
15:59
Imperial
41:43
| APM avg | 42.7 |
| APM peak | 71 |
| eAPM avg | 21.6 |
| Villagers / military | 159 / 73 |
Focus
⚔️ 32.5% · 🌾 67.5%
Conquistador ×54 · Battering Ram ×10 · Fishing Ship ×8 · Scout Cavalry ×5 · Mangonel ×2 · Trebuchet (Packed) ×2
Feudal
13:02
Castle
16:32
Imperial
40:10
| APM avg | 43.3 |
| APM peak | 75 |
| eAPM avg | 21.7 |
| Villagers / military | 150 / 84 |
Focus
⚔️ 33.1% · 🌾 66.9%
Rattan Archer ×65 · Petard ×13 · Fishing Ship ×6 · Trebuchet (Packed) ×6
Feudal
15:21
Castle
19:16
Imperial
39:41
| APM avg | 17.4 |
| APM peak | 48 |
| eAPM avg | 11.9 |
| Villagers / military | 60 / 45 |
Focus
⚔️ 34.4% · 🌾 65.6%
Ratha (Ranged) ×34 · Fishing Ship ×21 · Fire Galley ×4 · Trebuchet (Packed) ×3 · Galley ×2 · Transport Ship ×2
Match map
Initial resources + every placement click. Lines = walls · curves = elevation contours. ◆ gold · ⬟ stone · ● berries · ✦ relic · ◌ wall gap
Your base· Open — 9t gap
[CL] TheCobra's base· Open — 12t gap
EDM KamBá's base· Open — unwalled flank
wisemethuselah's base· Open — 5t gap
Smoothed initial terrain · ◌ = detected wall gap · hover for details
Inputs per minute
— Omnipotent H - - [CL] TheCobra
Build order — Omnipotent H
First 150 of 201 actions detected
| 0:33 | Build | Town Center |
| 1:50 | Build | Dock |
| 2:36 | Create | Villager (Male) |
| 2:36 | Create | Villager (Male) |
| 2:37 | Create | Villager (Male) |
| 2:37 | Create | Villager (Male) |
| 2:42 | Build | House |
| 3:39 | Create | Fishing Ship |
| 4:17 | Create | Villager (Male) |
| 4:33 | Build | House |
| 4:42 | Create | Villager (Male) |
| 5:09 | Create | Villager (Male) |
| 5:25 | Create | Fishing Ship |
| 5:27 | Create | Villager (Male) |
| 5:56 | Create | Villager (Male) |
| 5:59 | Build | House |
| 6:21 | Create | Villager (Male) |
| 6:29 | Create | Fishing Ship |
| 6:42 | Create | Villager (Male) |
| 6:57 | Create | Villager (Male) |
| 7:11 | Create | Fishing Ship |
| 7:20 | Build | House |
| 7:37 | Build | House |
| 7:49 | Create | Villager (Male) |
| 7:53 | Create | Fishing Ship |
| 8:22 | Create | Villager (Male) |
| 8:32 | Create | Fishing Ship |
| 8:33 | Create | Villager (Male) |
| 8:39 | Create | Villager (Male) |
| 8:40 | Create | Villager (Male) |
| 9:17 | Create | Fishing Ship |
| 9:26 | Create | Villager (Male) |
| 9:33 | Create | Villager (Male) |
| 9:34 | Create | Villager (Male) |
| 9:50 | Create | Villager (Male) |
| 9:55 | Create | Fishing Ship |
| 10:12 | Build | Dock |
| 10:28 | Build | House |
| 10:44 | Create | Villager (Male) |
| 10:49 | Create | Fishing Ship |
| 11:01 | Create | Villager (Male) |
| 11:13 | Build | House |
| 11:20 | Create | Fishing Ship |
| 11:31 | Build | Lumber Camp |
| 11:50 | Create | Fishing Ship |
| 12:16 | Create | Fishing Ship |
| 12:39 | Research | Feudal Age |
| 12:39 | Research | Feudal Age |
| 12:50 | Build | Mill |
| 13:05 | Build | Mill |
| 13:07 | Create | Fishing Ship |
| 13:07 | Create | Fishing Ship |
| 13:11 | Build | Mining Camp |
| 13:20 | Build | House |
| 13:44 | Build | Barracks |
| 13:49 | Build | House |
| 14:04 | Build | House |
| 14:17 | Create | Villager (Male) |
| 14:17 | Create | Villager (Male) |
| 14:49 | Age | Feudal Age |
| 14:52 | Build | Market |
| 14:55 | Build | Blacksmith |
| 15:00 | Build | Watch Tower |
| 15:55 | Research | Castle Age |
| 15:57 | Research | Loom |
| 16:19 | Build | Watch Tower |
| 16:51 | Create | Fire Galley |
| 17:09 | Create | Fire Galley |
| 17:22 | Build | Watch Tower |
| 17:40 | Research | Fletching |
| 17:55 | Create | Villager (Male) |
| 18:35 | Age | Castle Age |
| 18:39 | Research | War Galley (upgrade) |
| 18:45 | Research | Double-Bit Axe |
| 18:47 | Create | Villager (Male) |
| 18:56 | Create | Villager (Male) |
| 19:24 | Build | Lumber Camp |
| 19:38 | Research | Bodkin Arrow |
| 19:42 | Create | Villager (Male) |
| 19:48 | Build | House |
| 20:04 | Create | Villager (Male) |
| 20:32 | Research | Tech 906 |
| 20:34 | Create | Villager (Male) |
| 20:53 | Build | Castle |
| 21:10 | Create | Villager (Male) |
| 21:20 | Create | Villager (Male) |
| 21:27 | Build | House |
| 21:31 | Build | House |
| 21:34 | Build | Palisade Wall |
| 21:35 | Create | Villager (Male) |
| 21:45 | Create | Villager (Male) |
| 22:47 | Build | Town Center |
| 22:49 | Create | Villager (Male) |
| 23:27 | Create | Teutonic Knight |
| 23:28 | Create | Teutonic Knight |
| 23:28 | Create | Villager (Male) |
| 23:28 | Create | Villager (Male) |
| 24:14 | Research | Bow Saw |
| 24:14 | Research | Bow Saw |
| 24:20 | Create | Villager (Male) |
| 24:41 | Create | Villager (Male) |
| 24:42 | Create | Villager (Male) |
| 24:50 | Create | Villager (Male) |
| 24:56 | Build | Watch Tower |
| 25:18 | Build | University |
| 25:20 | Create | Villager (Male) |
| 25:35 | Build | Castle |
| 25:37 | Create | Villager (Male) |
| 25:51 | Create | Teutonic Knight |
| 26:20 | Create | Villager (Male) |
| 26:30 | Create | Villager (Male) |
| 26:54 | Create | Villager (Male) |
| 28:00 | Research | Guard Tower (upgrade) |
| 28:03 | Create | Villager (Male) |
| 28:04 | Create | Villager (Male) |
| 28:13 | Create | Teutonic Knight |
| 28:18 | Create | Villager (Male) |
| 28:30 | Create | Transport Ship |
| 28:34 | Create | Villager (Male) |
| 28:50 | Build | Dock |
| 28:53 | Create | Villager (Male) |
| 29:00 | Create | Teutonic Knight |
| 29:29 | Create | Villager (Male) |
| 29:41 | Create | Villager (Male) |
| 29:51 | Create | Teutonic Knight |
| 29:52 | Create | Villager (Male) |
| 30:01 | Create | Villager (Male) |
| 30:34 | Create | Villager (Male) |
| 31:17 | Build | Dock |
| 31:18 | Create | Villager (Male) |
| 31:34 | Research | Wheelbarrow |
| 32:00 | Build | Dock |
| 32:17 | Research | Town Watch |
| 32:17 | Research | Town Watch |
| 32:52 | Create | Villager (Male) |
| 32:53 | Create | Villager (Male) |
| 32:57 | Create | Fishing Ship |
| 32:58 | Create | Fishing Ship |
| 32:58 | Create | Fishing Ship |
| 32:58 | Create | Fishing Ship |
| 32:59 | Create | Fishing Ship |
| 33:10 | Build | Dock |
| 33:30 | Create | Villager (Male) |
| 33:52 | Build | Dock |
| 33:54 | Create | Villager (Male) |
| 34:00 | Build | House |
| 34:11 | Create | Villager (Male) |
| 34:11 | Create | Villager (Male) |
| 34:25 | Create | Villager (Male) |
| 34:32 | Create | Fishing Ship |
Build order — [CL] TheCobra
First 150 of 391 actions detected
| 0:04 | Build | Town Center |
| 0:47 | Build | Dock |
| 2:05 | Build | House |
| 2:21 | Create | Villager (Male) |
| 2:21 | Create | Villager (Male) |
| 2:22 | Create | Villager (Male) |
| 2:22 | Create | Villager (Male) |
| 3:13 | Create | Villager (Male) |
| 3:40 | Create | Fishing Ship |
| 4:13 | Build | House |
| 4:23 | Create | Villager (Male) |
| 4:23 | Create | Villager (Male) |
| 4:51 | Create | Villager (Male) |
| 4:51 | Create | Villager (Male) |
| 4:52 | Create | Villager (Male) |
| 4:52 | Create | Villager (Male) |
| 4:55 | Build | House |
| 5:18 | Research | Loom |
| 5:25 | Create | Fishing Ship |
| 5:25 | Create | Fishing Ship |
| 5:29 | Create | Villager (Male) |
| 6:09 | Create | Villager (Male) |
| 6:14 | Create | Fishing Ship |
| 6:33 | Create | Villager (Male) |
| 6:46 | Create | Fishing Ship |
| 6:46 | Create | Fishing Ship |
| 6:50 | Create | Villager (Male) |
| 6:50 | Create | Villager (Male) |
| 6:57 | Build | House |
| 7:21 | Create | Villager (Male) |
| 7:23 | Create | Villager (Male) |
| 7:39 | Create | Fishing Ship |
| 7:40 | Create | Villager (Male) |
| 7:45 | Create | Villager (Male) |
| 8:10 | Build | House |
| 8:12 | Create | Villager (Male) |
| 8:37 | Create | Villager (Male) |
| 9:08 | Build | Mining Camp |
| 9:35 | Create | Villager (Male) |
| 9:59 | Research | Feudal Age |
| 10:19 | Build | Mill |
| 10:54 | Create | Fishing Ship |
| 11:02 | Build | House |
| 11:18 | Create | Villager (Male) |
| 11:20 | Create | Villager (Male) |
| 12:29 | Age | Feudal Age |
| 12:31 | Build | Market |
| 12:33 | Build | Blacksmith |
| 13:10 | Research | Castle Age |
| 13:10 | Research | Castle Age |
| 13:23 | Build | Mining Camp |
| 14:21 | Create | Villager (Male) |
| 14:46 | Build | Lumber Camp |
| 15:01 | Create | Villager (Male) |
| 15:59 | Age | Castle Age |
| 16:01 | Build | Castle |
| 16:11 | Create | Villager (Male) |
| 16:14 | Research | Double-Bit Axe |
| 16:43 | Create | Conquistador |
| 16:43 | Create | Conquistador |
| 16:46 | Create | Villager (Male) |
| 16:59 | Build | Mill |
| 17:09 | Create | Villager (Male) |
| 17:23 | Create | Villager (Male) |
| 17:28 | Build | Palisade Gate |
| 17:33 | Create | Villager (Male) |
| 17:41 | Build | Siege Workshop |
| 17:45 | Create | Conquistador |
| 17:58 | Build | Palisade Gate |
| 18:00 | Build | Palisade Gate |
| 18:06 | Create | Conquistador |
| 18:07 | Create | Villager (Male) |
| 18:13 | Create | Villager (Male) |
| 18:39 | Create | Mangonel |
| 18:39 | Create | Mangonel |
| 18:51 | Create | Villager (Male) |
| 19:01 | Build | Farm |
| 19:42 | Create | Villager (Male) |
| 19:44 | Build | Farm |
| 19:45 | Build | Farm |
| 19:48 | Create | Conquistador |
| 19:48 | Create | Conquistador |
| 20:17 | Create | Conquistador |
| 20:17 | Create | Conquistador |
| 20:18 | Create | Villager (Male) |
| 20:35 | Create | Villager (Male) |
| 20:38 | Create | Villager (Male) |
| 20:40 | Build | Barracks |
| 20:45 | Build | House |
| 20:46 | Build | House |
| 20:58 | Create | Conquistador |
| 21:11 | Create | Villager (Male) |
| 21:58 | Create | Villager (Male) |
| 22:01 | Create | Conquistador |
| 22:01 | Create | Conquistador |
| 22:02 | Create | Villager (Male) |
| 22:10 | Create | Villager (Male) |
| 22:17 | Build | Town Center |
| 22:44 | Create | Conquistador |
| 22:44 | Create | Conquistador |
| 22:52 | Create | Conquistador |
| 22:55 | Create | Battering Ram |
| 22:56 | Create | Battering Ram |
| 23:14 | Create | Conquistador |
| 23:15 | Create | Villager (Male) |
| 23:39 | Create | Battering Ram |
| 23:39 | Create | Villager (Male) |
| 23:43 | Build | Farm |
| 23:44 | Build | Farm |
| 23:44 | Build | Farm |
| 24:02 | Research | Bow Saw |
| 24:06 | Build | Farm |
| 24:12 | Create | Villager (Male) |
| 24:12 | Create | Villager (Male) |
| 24:16 | Research | Horse Collar |
| 24:39 | Create | Conquistador |
| 24:40 | Create | Battering Ram |
| 24:40 | Create | Battering Ram |
| 24:42 | Create | Villager (Male) |
| 24:42 | Create | Villager (Male) |
| 24:42 | Create | Villager (Male) |
| 24:46 | Create | Villager (Male) |
| 24:46 | Create | Villager (Male) |
| 24:57 | Research | Padded Archer Armor |
| 25:01 | Build | Stable |
| 25:04 | Create | Villager (Male) |
| 25:04 | Create | Villager (Male) |
| 25:04 | Create | Villager (Male) |
| 25:08 | Build | Farm |
| 25:15 | Build | House |
| 25:16 | Build | House |
| 25:20 | Create | Villager (Male) |
| 25:20 | Create | Villager (Male) |
| 25:31 | Create | Villager (Male) |
| 25:31 | Create | Villager (Male) |
| 25:32 | Create | Villager (Male) |
| 26:40 | Create | Conquistador |
| 26:41 | Create | Conquistador |
| 26:41 | Create | Conquistador |
| 26:42 | Create | Battering Ram |
| 26:42 | Create | Battering Ram |
| 26:43 | Create | Villager (Male) |
| 26:43 | Create | Villager (Male) |
| 26:43 | Create | Villager (Male) |
| 26:47 | Build | Farm |
| 26:47 | Build | Farm |
| 26:50 | Build | Farm |
| 26:51 | Create | Villager (Male) |
| 26:51 | Create | Villager (Male) |
| 26:51 | Create | Villager (Male) |
Build order — EDM KamBá
First 150 of 381 actions detected
| 0:12 | Build | Town Center |
| 0:23 | Build | Dock |
| 0:34 | Build | Palisade Wall |
| 0:35 | Build | Palisade Wall |
| 2:10 | Build | House |
| 2:26 | Create | Villager (Male) |
| 2:26 | Create | Villager (Male) |
| 2:27 | Create | Villager (Male) |
| 2:27 | Create | Villager (Male) |
| 3:27 | Create | Villager (Male) |
| 3:59 | Create | Fishing Ship |
| 3:59 | Create | Fishing Ship |
| 4:21 | Build | House |
| 4:33 | Create | Villager (Male) |
| 5:02 | Create | Villager (Male) |
| 5:19 | Create | Fishing Ship |
| 5:27 | Create | Villager (Male) |
| 5:43 | Create | Villager (Male) |
| 5:51 | Build | House |
| 6:01 | Create | Villager (Male) |
| 6:27 | Create | Fishing Ship |
| 6:30 | Create | Villager (Male) |
| 6:49 | Create | Villager (Male) |
| 7:03 | Create | Villager (Male) |
| 7:15 | Build | House |
| 7:22 | Create | Villager (Male) |
| 7:35 | Create | Villager (Male) |
| 7:37 | Create | Villager (Male) |
| 7:47 | Create | Fishing Ship |
| 8:17 | Create | Fishing Ship |
| 8:22 | Create | Villager (Male) |
| 8:26 | Build | House |
| 8:41 | Create | Villager (Male) |
| 8:59 | Build | House |
| 9:22 | Build | Mining Camp |
| 9:40 | Create | Villager (Male) |
| 10:16 | Build | Mining Camp |
| 10:26 | Research | Loom |
| 10:26 | Research | Feudal Age |
| 10:34 | Build | Mill |
| 11:15 | Create | Villager (Male) |
| 11:15 | Create | Villager (Male) |
| 13:02 | Age | Feudal Age |
| 13:05 | Build | Market |
| 13:07 | Build | Blacksmith |
| 13:52 | Research | Castle Age |
| 14:03 | Build | Lumber Camp |
| 14:22 | Build | Palisade Wall |
| 14:23 | Build | Palisade Wall |
| 14:33 | Build | Outpost |
| 14:40 | Research | Double-Bit Axe |
| 14:53 | Build | House |
| 15:27 | Build | Outpost |
| 15:35 | Create | Villager (Male) |
| 16:01 | Create | Villager (Male) |
| 16:32 | Age | Castle Age |
| 17:02 | Build | Castle |
| 17:08 | Create | Villager (Male) |
| 17:23 | Create | Villager (Male) |
| 17:32 | Research | Fletching |
| 18:05 | Create | Villager (Male) |
| 18:06 | Create | Rattan Archer |
| 18:07 | Create | Rattan Archer |
| 18:07 | Create | Rattan Archer |
| 18:57 | Create | Villager (Male) |
| 19:02 | Create | Rattan Archer |
| 19:15 | Create | Villager (Male) |
| 19:35 | Create | Villager (Male) |
| 19:37 | Research | Bow Saw |
| 19:39 | Create | Rattan Archer |
| 19:39 | Create | Rattan Archer |
| 19:50 | Build | House |
| 20:17 | Create | Villager (Male) |
| 20:26 | Build | House |
| 20:39 | Create | Villager (Male) |
| 20:48 | Build | Town Center |
| 20:58 | Create | Villager (Male) |
| 20:59 | Create | Rattan Archer |
| 20:59 | Create | Rattan Archer |
| 21:01 | Build | House |
| 21:08 | Research | Bodkin Arrow |
| 21:10 | Create | Villager (Male) |
| 21:16 | Create | Rattan Archer |
| 21:17 | Create | Rattan Archer |
| 21:23 | Create | Villager (Male) |
| 21:31 | Create | Rattan Archer |
| 21:36 | Build | House |
| 21:50 | Research | Horse Collar |
| 21:54 | Build | Farm |
| 21:54 | Build | Farm |
| 21:55 | Build | Farm |
| 21:55 | Build | Farm |
| 21:55 | Build | Farm |
| 21:58 | Create | Villager (Male) |
| 22:01 | Create | Rattan Archer |
| 22:10 | Build | House |
| 22:13 | Create | Villager (Male) |
| 22:37 | Create | Villager (Male) |
| 22:38 | Create | Villager (Male) |
| 22:43 | Create | Villager (Male) |
| 22:50 | Build | Town Center |
| 22:52 | Create | Rattan Archer |
| 22:58 | Build | House |
| 23:04 | Create | Villager (Male) |
| 23:17 | Create | Rattan Archer |
| 23:17 | Create | Rattan Archer |
| 23:17 | Create | Villager (Male) |
| 23:27 | Create | Rattan Archer |
| 23:29 | Build | House |
| 23:36 | Create | Villager (Male) |
| 23:42 | Build | Farm |
| 23:52 | Create | Villager (Male) |
| 23:55 | Create | Rattan Archer |
| 23:55 | Create | Rattan Archer |
| 24:01 | Build | House |
| 24:08 | Create | Rattan Archer |
| 24:09 | Create | Rattan Archer |
| 24:26 | Create | Rattan Archer |
| 24:30 | Build | Farm |
| 24:30 | Build | Farm |
| 24:30 | Build | Farm |
| 24:31 | Build | Farm |
| 24:31 | Build | Farm |
| 24:40 | Create | Villager (Male) |
| 24:41 | Create | Villager (Male) |
| 24:43 | Build | House |
| 24:51 | Build | Farm |
| 24:51 | Build | Farm |
| 24:51 | Build | Farm |
| 24:51 | Build | Farm |
| 24:52 | Build | Farm |
| 24:54 | Create | Villager (Male) |
| 24:56 | Create | Rattan Archer |
| 25:11 | Create | Rattan Archer |
| 26:00 | Create | Villager (Male) |
| 26:00 | Create | Villager (Male) |
| 26:01 | Create | Rattan Archer |
| 26:01 | Create | Rattan Archer |
| 26:03 | Build | House |
| 26:08 | Build | Town Center |
| 26:10 | Create | Villager (Male) |
| 26:19 | Create | Villager (Male) |
| 26:20 | Create | Rattan Archer |
| 26:20 | Create | Rattan Archer |
| 26:27 | Create | Villager (Male) |
| 26:28 | Create | Villager (Male) |
| 26:35 | Build | House |
| 26:58 | Create | Villager (Male) |
| 27:00 | Create | Rattan Archer |
| 27:01 | Create | Villager (Male) |
Build order — wisemethuselah
First 150 of 194 actions detected
| 0:22 | Build | Town Center |
| 0:42 | Build | House |
| 0:48 | Build | Dock |
| 2:41 | Create | Villager (Male) |
| 2:41 | Create | Villager (Male) |
| 2:41 | Create | Villager (Male) |
| 2:42 | Create | Villager (Male) |
| 2:42 | Create | Villager (Male) |
| 3:30 | Research | Loom |
| 3:55 | Create | Villager (Male) |
| 3:56 | Create | Fishing Ship |
| 4:09 | Build | House |
| 5:15 | Create | Villager (Male) |
| 5:23 | Create | Fishing Ship |
| 5:38 | Create | Villager (Male) |
| 6:01 | Create | Villager (Male) |
| 6:20 | Build | House |
| 6:26 | Create | Villager (Male) |
| 6:46 | Create | Villager (Male) |
| 6:48 | Create | Fishing Ship |
| 7:00 | Build | House |
| 7:10 | Create | Villager (Male) |
| 7:18 | Create | Villager (Male) |
| 7:27 | Build | House |
| 7:37 | Build | Palisade Wall |
| 7:41 | Create | Villager (Male) |
| 8:19 | Create | Villager (Male) |
| 8:24 | Build | Palisade Wall |
| 8:32 | Build | Mill |
| 8:35 | Create | Villager (Male) |
| 8:50 | Create | Fishing Ship |
| 8:56 | Build | House |
| 9:14 | Create | Fishing Ship |
| 9:15 | Create | Villager (Male) |
| 9:46 | Create | Villager (Male) |
| 10:04 | Build | Dock |
| 10:09 | Create | Villager (Male) |
| 10:11 | Create | Fishing Ship |
| 10:16 | Build | Palisade Wall |
| 10:34 | Create | Villager (Male) |
| 10:35 | Create | Fishing Ship |
| 10:50 | Build | Palisade Wall |
| 10:55 | Create | Fishing Ship |
| 10:56 | Create | Villager (Male) |
| 11:16 | Create | Fishing Ship |
| 11:18 | Create | Villager (Male) |
| 11:34 | Create | Villager (Male) |
| 11:49 | Build | House |
| 11:52 | Create | Fishing Ship |
| 11:54 | Create | Villager (Male) |
| 12:20 | Create | Fishing Ship |
| 12:21 | Create | Villager (Male) |
| 12:24 | Build | House |
| 12:39 | Create | Fishing Ship |
| 12:53 | Build | House |
| 13:02 | Build | Lumber Camp |
| 13:06 | Research | Feudal Age |
| 13:10 | Create | Fishing Ship |
| 13:11 | Create | Fishing Ship |
| 13:18 | Build | House |
| 13:55 | Create | Fishing Ship |
| 14:39 | Build | Outpost |
| 14:57 | Create | Villager (Male) |
| 14:57 | Create | Villager (Male) |
| 15:21 | Age | Feudal Age |
| 15:25 | Build | Market |
| 15:30 | Build | Blacksmith |
| 15:51 | Research | Town Watch |
| 15:57 | Build | Mining Camp |
| 16:14 | Research | Double-Bit Axe |
| 16:22 | Research | Castle Age |
| 16:27 | Research | Horse Collar |
| 16:42 | Create | Fire Galley |
| 16:43 | Create | Galley |
| 16:45 | Create | Unit 2626 |
| 16:46 | Create | Galley |
| 16:51 | Create | Fire Galley |
| 17:18 | Research | Padded Archer Armor |
| 18:16 | Build | Lumber Camp |
| 18:24 | Research | Gold Mining |
| 18:45 | Research | Fletching |
| 19:16 | Age | Castle Age |
| 19:20 | Build | Castle |
| 19:29 | Research | Bodkin Arrow |
| 20:06 | Create | Villager (Male) |
| 20:06 | Create | Villager (Male) |
| 20:35 | Create | Ratha (Ranged) |
| 20:35 | Create | Ratha (Ranged) |
| 20:35 | Create | Ratha (Ranged) |
| 20:56 | Research | War Galley (upgrade) |
| 21:19 | Create | Villager (Male) |
| 21:20 | Create | Villager (Male) |
| 22:26 | Build | Town Center |
| 23:27 | Create | Villager (Male) |
| 23:28 | Create | Villager (Male) |
| 23:32 | Create | Ratha (Ranged) |
| 23:33 | Create | Ratha (Ranged) |
| 23:33 | Create | Ratha (Ranged) |
| 23:54 | Create | Fire Galley |
| 23:54 | Create | Fire Galley |
| 23:57 | Create | Villager (Male) |
| 23:58 | Create | Villager (Male) |
| 24:01 | Create | Ratha (Ranged) |
| 24:20 | Research | Leather Archer Armor |
| 24:27 | Create | Ratha (Ranged) |
| 24:33 | Create | Villager (Male) |
| 24:37 | Create | Ratha (Ranged) |
| 24:59 | Build | Barracks |
| 25:46 | Create | Villager (Male) |
| 25:46 | Create | Villager (Male) |
| 25:54 | Create | Ratha (Ranged) |
| 25:54 | Create | Ratha (Ranged) |
| 26:15 | Create | Villager (Male) |
| 26:16 | Create | Villager (Male) |
| 26:27 | Build | Stable |
| 26:33 | Create | Villager (Male) |
| 26:33 | Create | Villager (Male) |
| 27:04 | Research | Husbandry |
| 27:05 | Research | Bloodlines |
| 27:11 | Create | Villager (Male) |
| 27:11 | Create | Villager (Male) |
| 27:24 | Research | Tech 906 |
| 27:32 | Create | Ratha (Ranged) |
| 27:46 | Create | Ratha (Ranged) |
| 27:46 | Create | Ratha (Ranged) |
| 28:18 | Create | Ratha (Ranged) |
| 28:19 | Create | Ratha (Ranged) |
| 28:21 | Create | Villager (Male) |
| 28:21 | Create | Villager (Male) |
| 28:34 | Create | Ratha (Ranged) |
| 28:51 | Create | Ratha (Ranged) |
| 28:53 | Create | Villager (Male) |
| 28:54 | Create | Villager (Male) |
| 29:26 | Create | Ratha (Ranged) |
| 29:26 | Create | Ratha (Ranged) |
| 29:28 | Create | Villager (Male) |
| 29:29 | Create | Villager (Male) |
| 30:02 | Create | Ratha (Ranged) |
| 30:03 | Create | Ratha (Ranged) |
| 30:04 | Create | Villager (Male) |
| 30:08 | Create | Fishing Ship |
| 30:08 | Create | Fishing Ship |
| 30:09 | Create | Fishing Ship |
| 30:09 | Create | Fishing Ship |
| 30:38 | Build | House |
| 30:39 | Create | Ratha (Ranged) |
| 30:40 | Create | Ratha (Ranged) |
| 30:41 | Create | Villager (Male) |
| 30:48 | Build | House |
| 30:50 | Build | House |
Match timeline
| 0:23 | EDM KamBá · first_building Dock |
| 0:34 | EDM KamBá · wall_segment Palisade Wall x1 |
| 0:35 | EDM KamBá · wall_segment Palisade Wall x1 |
| 0:47 | [CL] TheCobra · first_building Dock |
| 0:48 | wisemethuselah · first_building Dock |
| 1:50 | Omnipotent H · first_building Dock |
| 7:37 | wisemethuselah · wall_segment Palisade Wall x5 |
| 8:24 | wisemethuselah · wall_segment Palisade Wall x1 |
| 10:16 | wisemethuselah · wall_segment Palisade Wall x6 |
| 10:50 | wisemethuselah · wall_segment Palisade Wall x1 |
| 12:29 | [CL] TheCobra · age_up feudal |
| 13:02 | EDM KamBá · age_up feudal |
| 13:44 | Omnipotent H · first_building Barracks |
| 14:04 | [CL] TheCobra · first_market_sell 100 wood |
| 14:06 | [CL] TheCobra · first_market_buy 100 stone |
| 14:22 | EDM KamBá · wall_segment Palisade Wall x1 |
| 14:23 | EDM KamBá · wall_segment Palisade Wall x7 |
| 14:49 | Omnipotent H · age_up feudal |
| 15:21 | wisemethuselah · age_up feudal |
| 15:59 | [CL] TheCobra · age_up castle |
| 16:01 | [CL] TheCobra · first_building Castle |
| 16:32 | EDM KamBá · age_up castle |
| 17:02 | EDM KamBá · first_building Castle |
| 17:39 | Omnipotent H · first_market_sell 100 food |
| 17:41 | [CL] TheCobra · first_building Siege Workshop |
| 18:16 | Omnipotent H · first_market_buy 100 wood |
| 18:35 | Omnipotent H · age_up castle |
| 18:56 | wisemethuselah · first_market_buy 100 stone |
| 19:16 | wisemethuselah · age_up castle |
| 19:20 | wisemethuselah · first_building Castle |
| 20:34 | wisemethuselah · first_market_sell 100 food |
| 20:40 | [CL] TheCobra · first_building Barracks |
| 20:53 | Omnipotent H · first_building Castle |
| 21:34 | Omnipotent H · wall_segment Palisade Wall x1 |
| 24:59 | wisemethuselah · first_building Barracks |
| 25:01 | [CL] TheCobra · first_building Stable |
| 26:27 | wisemethuselah · first_building Stable |
| 34:06 | EDM KamBá · first_building Barracks |
| 34:41 | EDM KamBá · first_building Archery Range |
| 36:03 | EDM KamBá · wall_segment Stone Wall x2 |
| 36:06 | EDM KamBá · wall_segment Stone Wall x18 |
| 36:42 | EDM KamBá · first_market_sell 100 stone |
| 36:43 | EDM KamBá · first_market_buy 100 food |
| 38:54 | EDM KamBá · wall_segment Stone Wall x1 |
| 38:55 | EDM KamBá · wall_segment Stone Wall x1 |
| 38:55 | EDM KamBá · wall_segment Stone Wall x1 |
| 39:41 | wisemethuselah · age_up imperial |
| 40:10 | EDM KamBá · age_up imperial |
| 41:43 | [CL] TheCobra · age_up imperial |
| 42:48 | wisemethuselah · resign |
[ AI ANALYSIS · 1 CREDIT ]
What really happened in this match?
Wolo.gg analyzes every decision: build order, eco, micro, common mistakes by bracket. Personalized analysis on WhatsApp or Discord in 30 seconds.
Civ guide
Teutons
Map guide
Nomad
Perfil
Jugador #1767728